 Dungeon Crawl Stone Soup version 0.30-a0-782-ge64f9170bb (webtiles) character file.

Game seed: 438743018827719041

683 funkygono the Firebug (level 7, 0/38 HPs)
             Began as a Gargoyle Fire Elementalist on Feb 24, 2023.
             Slain by a hornet (6 damage)
             ... on level 6 of the Dungeon.
             The game lasted 00:06:52 (4586 turns).

funkygono the Firebug (Gargoyle Fire Elementalist)  Turns: 4586, Time: 00:06:53

Health: 0/38       AC:  7    Str: 11    XL:     7   Next: 61%
Magic:  1/14       EV: 12    Int: 24    God:
Gold:   192        SH:  0    Dex: 10    Spells: 6/16 levels left

rFire   . . .      SeeInvis .    s - +2 whip
rCold   . . .      Faith    .    (no shield)
rNeg    + . .      Spirit   .    a - +0 robe
rPois   ∞          Reflect  .    (no helmet)
rElec   +          Harm     .    i - +0 cloak
rCorr   .          Rampage  .    (no gloves)
Will    .....                    (no boots)
Stlth   ++                       r - amulet of regeneration
HPRegen 1.06/turn                c - +6 ring of intelligence
MPRegen 0.14/turn                n - ring of wizardry

@: no status effects
A: sickness immunity, AC +4, negative energy resistance 1, electricity
resistance, torment resistance 1, petrification resistance
a: no special abilities


You were on level 6 of the Dungeon.
You visited 1 branch of the dungeon, and saw 6 of its levels.

You collected 192 gold pieces.

Inventory:

Hand Weapons
 o - a +0 flail
 s - a +2 whip (weapon)
Armour
 a - a +0 robe (worn)
 i - a +0 cloak (worn)
 t - the +1 ring mail "Xearphuosk" {rF+ Dex+3}
   (You found it on level 3 of the Dungeon)

   Dex:       It affects your dexterity (+3).
   rF:        It protects you from fire.
Magical Staves
 k - a staff of earth
Jewellery
 c - a +6 ring of intelligence (left hand)
 n - a ring of wizardry (right hand)
 p - a ring of flight
 r - an amulet of regeneration (around neck)
Wands
 w - a wand of roots (11)
Scrolls
 h - 6 scrolls of teleportation
 j - 2 scrolls of fog
 m - a scroll of magic mapping
Potions
 b - a potion of magic
 d - a potion of ambrosia {unknown}
 e - a potion of lignification
 f - 2 potions of flight
 g - a potion of curing
 l - 3 potions of brilliance
 q - 2 potions of might {unknown}
 u - 2 potions of degeneration
 v - a potion of mutation {unknown}


   Skills:
 + Level 1.4 Fighting
 + Level 2.2 Dodging
 - Level 2.1 Stealth
 + Level 5.0 Spellcasting
 + Level 3.2 Conjurations
 + Level 5.6 Fire Magic


You had 6 spell levels left.
You knew the following spells:

 Your Spells              Type           Power      Damage    Failure   Level
a - Foxfire               Conj/Fire      100%       2x1d9     1%          1
b - Scorch                Fire           66%        2d8       1%          2
c - Kindle Blastsparks    Fire/Tloc/Air  30%        2d12      4%          3
d - Flame Wave            Conj/Fire      27%        2d9       6%          4

Your spell library contained the following spells:

 Spells                   Type           Power      Damage    Failure   Level
 Static Discharge         Conj/Air       26%        2-4/arc   2%          2
 Inner Flame              Hex/Fire       19%        N/A       3%          3
 Vhi's Electric Charge    Tloc/Air       12%        N/A       11%         3
 Fulminant Prism          Conj/Hex       6%         3d7       17%         4
 Iskenderun's Mystic Bla  Conj/Tloc      13%        2d5       17%         4
 Arcjolt                  Conj/Air       6%         1d16      43%         5
 Lightning Bolt           Conj/Air       6%         1d18      43%         5
 Lee's Rapid Deconstruct  Erth           3%         3d5*      65%         5


Dungeon Overview and Level Annotations

Branches:
Dungeon (6/15)
 Temple: D:4-7

Altars:
Kikubaaqudgha
Yredelemnul
The Shining One

Annotations:
D:4 1 runed translucent door


Innate Abilities, Weirdness & Mutations

You are immune to sickness and miasma.
Your stone body is resilient. (AC +4)
You are immune to poison.
You resist negative energy. (rN+)
You are resistant to electric shocks. (rElec)
You are resistant to unholy torment.
You are immune to petrification.


Message History

The hornet stings you but does no damage.
Casting: Foxfire (safe; 1% risk of failure)
Confirm with . or Enter, or press ? or * to list all spells.
Flames lash the black bear.
The black bear is moderately wounded.
The black bear's fire resistance burns away.
Your foxfire dissipates!
The foxfire hits the hornet but does no damage.
The hornet is heavily wounded.
The hornet stings you. x2
Unknown command.
Casting: Scorch (safe; 1% risk of failure)
Confirm with . or Enter, or press ? or * to list all spells.
You conjure some foxfire!
The hornet closely misses you.
Your foxfire dissipates!
Casting: Foxfire (safe; 1% risk of failure)
Confirm with . or Enter, or press ? or * to list all spells.
Flames lash the black bear.
The black bear is burned terribly!
The black bear is almost dead.
The hornet is no longer more vulnerable to fire.
The foxfire hits the black bear!
The black bear is burned terribly!
You kill the black bear!
The hornet stings you!
* * * LOW HITPOINT WARNING * * *
The hornet misses you.
Your Spellcasting skill increases to level 5!
Unknown command.
Casting: Scorch (safe; 1% risk of failure)
Confirm with . or Enter, or press ? or * to list all spells.
You conjure some foxfire!
The hornet closely misses you.
Your foxfire dissipates!
Casting: Foxfire (safe; 1% risk of failure)
Confirm with . or Enter, or press ? or * to list all spells.
Flames lash the hornet.
The hornet is heavily wounded.
The hornet's fire resistance burns away.
The foxfire hits the hornet!
The hornet is burned terribly!
The hornet is almost dead.
The hornet stings you.
You die...

≈≈~~#.....
≈≈~......# ≈
~......## . ≈~
.......# ... ~~.
#..#..# ....
~...#..#<.#.....
~......§......#
~......v§###.##
..#....@## #
#...###.y..# #..
##.....# ##
....... .......
....... .......
.......


You could see a hornet (combustible, ally target).

Vanquished Creatures
  Grinder (D:5)
  A black bear (D:6)
  A scorpion (D:4)
  2 hounds (D:4)
  An orc priest (D:5)
  2 iguanas (D:4)
  Ijyb (D:5)
  An orc wizard (D:5)
  4 gnolls
  2 adders
  An ufetubus (D:5)
  A worm (D:2)
  4 dart slugs
  5 orcs
  3 bats
  An endoplasm (D:3)
  6 giant cockroaches
  8 goblins
  3 hobgoblins
  3 jackals (D:5)
  7 kobolds
  3 quokkas
  7 ball pythons
  4 frilled lizards
  A goblin skeleton (D:4)
  A kobold zombie (D:4)
  6 rats
80 creatures vanquished.

Vanquished Creatures (others)
  A jackal (D:5)
  253 foxfires
254 creatures vanquished.

Grand Total: 334 creatures vanquished

Notes
Turn   | Place    | Note
-------+----------+-------------------------------------------
     0 | D:1      | funkygono the Gargoyle Fire Elementalist began the quest
                  | for the Orb.
     0 | D:1      | Reached XP level 1. HP: 10/10 MP: 3/3
   204 | D:1      | Reached XP level 2. HP: 15/15 MP: 3/5
   207 | D:1      | Learned a level 2 spell: Scorch
   840 | D:1      | Reached XP level 3. HP: 19/19 MP: 2/6
   844 | D:1      | Learned a level 3 spell: Kindle Blastsparks
  1878 | D:3      | Found an ancient bone altar of Kikubaaqudgha.
  2002 | D:3      | Reached XP level 4. HP: 24/24 MP: 3/7
  2095 | D:3      | Identified the +1 ring mail "Xearphuosk" {rF+ Dex+3}
  2273 | D:3      | Found a glowing golden altar of the Shining One.
  2754 | D:4      | Reached XP level 5. HP: 28/28 MP: 2/9
  3206 | D:4      | Found a runed translucent door.
  3206 | D:4      | Noticed a human
  3241 | D:4      | Found a basalt altar of Yredelemnul.
  3329 | D:4      | Learned a level 4 spell: Flame Wave
  3341 | D:5      | Entered Level 5 of the Dungeon
  3431 | D:5      | Noticed Ijyb
  3490 | D:5      | HP: 1/28 [scorpion (4)]
  3513 | D:4      | Reached XP level 6. HP: 23/32 MP: 1/11
  3825 | D:5      | Killed Ijyb
  3826 | D:5      | Reached skill level 1 in Fighting
  4166 | D:5      | Noticed Grinder
  4172 | D:5      | Killed Grinder
  4173 | D:5      | Reached skill level 5 in Fire Magic
  4173 | D:5      | Reached XP level 7. HP: 38/38 MP: 5/13
  4576 | D:6      | Noticed a hornet
  4585 | D:6      | Reached skill level 5 in Spellcasting
  4586 | D:6      | Slain by a hornet

Illustrated notes

Levels and vault maps discovered:
D:1:      dpeg_arrival_snail, layout_basic, chequers_serial_rivers_micro_c
D:2:      layout_rooms, kennysheep_generic_room_2
D:3:      layout_rooms, kiku_gazebo_pond_becter, lemuel_tele_altar,
          minmay_misc_feat_diagonals, kennysheep_generic_room_3
D:4:      layout_loops_ring, dk_yredelemnul_ordeal
D:5:      layout_basic, uniq_grinder, uniq_ijyb
D:6:      wander_river, layout_cave_pools, minmay_temple_entry_overgrown,
          minmay_shop_grid_forest, minmay_manual_monstrance, uniq_edmund,
          uniq_crazy_yiuf_cottage

Skill      XL: |  1  2  3  4  5  6  7 |
---------------+----------------------+-----
Conjurations   | 2 3 |  3.2
Spellcasting   | 3 4 5 |  5.0
Fire Magic     | 4 5 |  5.6
Dodging        | 2 |  2.2
Fighting       | 1 |  1.4
Stealth        | |  2.1

Action                     |  1- 3 |  4- 6 |  7- 9 || total
---------------------------+-------+-------+-------++-------
  Melee: Unarmed           |     4 |       |       ||     4
         Whip              |       |     1 |       ||     1
   Cast: Foxfire           |    76 |    51 |    16 ||   143
         Scorch            |     4 |    26 |     6 ||    36
    Use: Scroll            |       |    12 |     1 ||    13
         Potion            |       |     3 |       ||     3
 Armour: Robe              |     6 |    29 |     2 ||    37
  Dodge: Dodged            |    10 |    59 |     3 ||    72

Table legend: (Time is in decaauts)
 A = Elapsed time spent in this place.
 B = Non-inter-level travel time spent in this place.
 C = Inter-level travel time spent in this place.
 D = Time resting spent in this place.
 E = Time spent auto-exploring this place.
 F = Levels seen in this place.
 G = Mean time per level.
                   A        B        C        D        E       F      G
               +--------+--------+--------+--------+--------+-----+--------+
         Total |   4590 |   4442 |    148 |    155 |   3661 |   6 |  765.0 |
       Dungeon |   4590 |   4442 |    148 |    155 |   3661 |   6 |  765.0 |
               +--------+--------+--------+--------+--------+-----+--------+

Top non-repeatable levels by time:
     D:4: 1220 daAuts
     D:1: 980 daAuts
     D:5: 941 daAuts
     D:3: 719 daAuts
     D:2: 714 daAuts
     D:6: 13 daAuts
